 Dungeon Crawl Stone Soup version 0.27-a0-249-g74f53ef629 (webtiles) character file.

Game seed: 12576315093929042358

269 Borgoz the Slasher (level 6, -1/51 HPs)
             Began as a Ghoul Gladiator on Feb 3, 2021.
             Slain by an orc
             ... wielding a +0 dagger
              (3 damage)
             ... on level 5 of the Dungeon.
             The game lasted 00:03:10 (2708 turns).

Borgoz the Slasher (Ghoul Gladiator)                Turns: 2708, Time: 00:03:11

Health: -1/51      AC:  9    Str: 15 (18) XL:     6   Next: 22%
Magic:  5/5        EV: 11    Int:  0 (3)  God:
Gold:   103        SH:  0    Dex: 10 (12) Spells: 5/5 levels left

rFire    . . .     SeeInvis .   a - +0 long sword
rCold    + . .     Faith    .   (no shield)
rNeg     + + +     Spirit   .   n - +0 ring mail
rPois    ∞         Reflect  .   c - +0 helmet
rElec    .         Harm     .   (no cloak)
rCorr    .         Rampage  .   (no gloves)
Will     .....                  k - +2 pair of boots
Stlth    ..........             (no amulet)
HPRegen  0.00/turn              (no ring)
MPRegen  0.09/turn              (no ring)

@: confused, flying, slowed, lost intelligence, very slow
A: claws 1, cold resistance 1, negative energy resistance 3, inhibited
regeneration, torment resistance, unbreathing
a: no special abilities


You were on level 5 of the Dungeon.
You visited 1 branch of the dungeon, and saw 4 of its levels.

You collected 103 gold pieces.

Inventory:

Hand Weapons
 a - a +0 long sword (weapon)
Missiles
 d - a throwing net (quivered)
Armour
 c - a +0 helmet (worn)
 k - a +2 pair of boots (worn)
 n - a +0 ring mail (worn)
Scrolls
 b - a scroll of random uselessness {unknown}
 e - 2 scrolls of remove curse
 f - a scroll of identify {unknown}
 j - a scroll of blinking {unknown}
 m - a scroll of teleportation {unknown}
Potions
 g - 2 potions of flight
 h - a potion of magic {unknown}
 i - a potion of degeneration
 l - a potion of curing


   Skills:
 + Level 3.5 Fighting
 * Level 4.4 Long Blades
 - Level 1.7 Throwing
 + Level 2.1 Armour
 + Level 3.6 Dodging


You had 5 spell levels left.
You didn't know any spells.
Your spell library was empty.

Dungeon Overview and Level Annotations

Branches:
Dungeon (3/15)

Altars:
Hepliaklqana

Annotations:
D:5 Prince Ribbit


Innate Abilities, Weirdness & Mutations

You thrive by killing the living.
You are immune to poison.
You have sharp fingernails.
Your flesh is cold resistant. (rC+)
You are immune to negative energy. (rN+++)
You do not regenerate when monsters are visible.
You are immune to unholy pain and torment.
You can survive without breathing.


Message History

You feel clumsy. The orc hits you with a +0 dagger.
* * * LOW HITPOINT WARNING * * *
Prince Ribbit hits you but does no damage.
Something hits you.
* * * LOW HITPOINT WARNING * * *
The orc wizard hits you but does no damage.
Prince Ribbit hits you!
* * * LOW HITPOINT WARNING * * *
The orc hits you but does no damage.
You hear some strange, mumbled words.
You are confused.
The orc wizard casts a spell at itself.
The orc wizard flickers and vanishes!
Prince Ribbit completely misses you.
You can move again.
Unknown command.
Unknown command.
Unknown command.
You're too confused to move!
The orc hits you with a +0 dagger.
You die...

.... ............##....###
....# #.....<..........##
.....# #.....).(.....[....
......###.................
.....(....................
.........#.........>......
.....?...#.†(.............
..##.....#F...............
.........@{..#............
.........{o###............
....#..#..#)##............
#..##..#.##.?. ...#
#......#.. ........
.......... ....##
#........ ....#
........###.... ..# .....


You could see Prince Ribbit and an orc.

Vanquished Creatures
  An ice beast (D:5)
  A hound (D:5)
  2 worker ants (D:5)
  A hound zombie (D:5)
  A hound skeleton (D:5)
  An adder (D:5)
  An ufetubus (D:5)
  An adder skeleton (D:5)
  2 dart slugs
  2 leopard geckos (D:1)
  2 orcs (D:5)
  3 ball pythons
  2 giant cockroaches (D:1)
  6 goblins (D:1)
  3 hobgoblins (D:1)
  5 jackals
  8 kobolds
  5 bats
  4 frilled lizards
  2 rats
53 creatures vanquished.

Vanquished Creatures (others)
  3 plants (D:1)
3 creatures vanquished.

Grand Total: 56 creatures vanquished

Notes
Turn   | Place    | Note
-------+----------+-------------------------------------------
     0 | D:1      | Borgoz the Ghoul Gladiator began the quest for the Orb.
     0 | D:1      | Reached XP level 1. HP: 17/17 MP: 0/0
    70 | D:1      | Reached XP level 2. HP: 25/25 MP: 1/1
   100 | D:1      | Reached skill level 3 in Long Blades
   492 | D:1      | Reached XP level 3. HP: 30/30 MP: 2/2
   714 | D:1      | Reached skill level 1 in Armour
  1832 | D:2      | Found a hazy altar of Hepliaklqana.
  2160 | D:3      | You fall into a shaft and drop 2 floors!
  2160 | D:5      | Entered Level 5 of the Dungeon
  2171 | D:5      | Reached XP level 4. HP: 20/37 MP: 3/3
  2287 | D:5      | Noticed an ice beast
  2346 | D:5      | Killed an ice beast
  2347 | D:5      | Reached skill level 4 in Long Blades
  2347 | D:5      | Reached XP level 5. HP: 31/45 MP: 4/4
  2623 | D:5      | Reached XP level 6. HP: 51/51 MP: 5/5
  2684 | D:5      | Noticed Prince Ribbit
  2706 | D:5      | Lost intelligence.
  2707 | D:5      | HP: 2/51 [Prince Ribbit (8)]
  2708 | D:5      | Slain by an orc

Illustrated notes

Levels and vault maps discovered:
D:1:      dpeg_arrival_stone_temple_mockup, layout_loops_ring, serial_forest,
          infiniplex_forest_lined_room_3, infiniplex_forest_lined_3_way,
          infiniplex_forest_lined_room_3, infiniplex_forest_clump_curved,
          infiniplex_forest_corner_1
D:2:      wander_river, layout_basic, nzn_hepliaklqana_mist_gate
D:3:      layout_rooms
D:5:      layout_cave_pools, uniq_prince_ribbit1

Skill      XL: |  1  2  3  4  5 |
---------------+----------------+-----
Long Blades    | 3 4 |  4.4
Dodging        | 3 |  3.6
Armour         | 1 2 |  2.1
Fighting       | 3 |  3.5
Throwing       | |  1.7

Action                   |  1- 3 |  4- 6 || total
-------------------------+-------+-------++-------
Melee: Long sword        |   101 |    67 ||   168
Throw: Throwing net      |       |     3 ||     3
  Use: Scroll            |     2 |       ||     2
       Potion            |       |     3 ||     3
Armor: Leather armour    |    39 |    34 ||    73
       Ring mail         |       |    15 ||    15
Dodge: Dodged            |    89 |    38 ||   127
       Rpst.: Long sword |    28 |    17 ||    45

Table legend: (Time is in decaauts)
 A = Elapsed time spent in this place.
 B = Non-inter-level travel time spent in this place.
 C = Inter-level travel time spent in this place.
 D = Time resting spent in this place.
 E = Time spent auto-exploring this place.
 F = Levels seen in this place.
 G = Mean time per level.
                   A        B        C        D        E       F      G
               +--------+--------+--------+--------+--------+-----+--------+
         Total |   2781 |   2585 |    196 |    581 |   1564 |   4 |  695.2 |
       Dungeon |   2781 |   2585 |    196 |    581 |   1564 |   4 |  695.2 |
               +--------+--------+--------+--------+--------+-----+--------+

Top non-repeatable levels by time:
     D:1: 1094 daAuts
     D:2: 1059 daAuts
     D:5: 562 daAuts
     D:3: 65 daAuts
